 Dungeon Crawl Stone Soup version 0.28.0 (webtiles) character file.

Game seed: 1178296387114038240

1222 bande the Chopper (level 8, 0/49 HPs)
             Began as a Gargoyle Fighter on Feb 10, 2022.
             Was a Follower of Okawaru.
             Slain by a two-headed ogre (5 damage)
             ... on level 6 of the Dungeon.
             The game lasted 00:09:53 (8279 turns).

bande the Chopper (Gargoyle Fighter)                Turns: 8279, Time: 00:09:55

Health: 0/49       AC: 19    Str: 19      XL:     8   Next: 47%
Magic:  10/10      EV:  7    Int:  9 (10) God:    Okawaru [*.....]
Gold:   193        SH:  5    Dex: 17      Spells: 7/7 levels left

rFire   . . .      SeeInvis .   u - +4 hand axe
rCold   . . .      Faith    .   c - +0 buckler
rNeg    + . .      Spirit   .   x - +0 chain mail
rPois   ∞          Reflect  .   k - +0 helmet
rElec   +          Harm     .   l - +0 cloak
rCorr   .          Rampage  .   f - +0 pair of gloves
Will    .....                   (no boots)
Stlth   ..........              (no amulet)
HPRegen 0.16/turn               j - +6 ring of dexterity
MPRegen 0.12/turn               (no ring)

@: no status effects
A: sickness immunity, AC +5, negative energy resistance 1, electricity
resistance, torment resistance 1, petrification resistance
a: Renounce Religion, Heroism


You were on level 6 of the Dungeon.
You worshipped Okawaru.
Okawaru was aware of your devotion.
You visited 1 branch of the dungeon, and saw 6 of its levels.

You collected 193 gold pieces.

Inventory:

Hand Weapons
 a - a +0 war axe
 s - a +0 flail
 u - a +4 hand axe (weapon)
Missiles
 r - a throwing net (quivered)
Armour
 c - a +0 buckler (worn)
 f - a +0 pair of gloves (worn)
 k - a +0 helmet (worn)
 l - a +0 cloak (worn)
 x - a +0 chain mail (worn)
Jewellery
 j - a +6 ring of dexterity (left hand)
Wands
 g - a wand of acid (15)
Scrolls
 e - 4 scrolls of vulnerability
 h - a scroll of silence
 m - 5 scrolls of identify
 n - 2 scrolls of amnesia
 o - 2 scrolls of fog {unknown}
 p - 2 scrolls of noise {unknown}
 q - a scroll of summoning {unknown}
 t - a scroll of teleportation {unknown}
 v - a scroll of enchant weapon {unknown}
 w - a scroll of enchant armour {unknown}
Potions
 b - a potion of haste {unknown}
 d - a potion of might
 i - 3 potions of flight


   Skills:
 + Level 5.1 Fighting
 + Level 6.0 Axes
 + Level 5.8 Armour
 + Level 4.4 Shields
 * Level 3.0 Invocations
 * Level 2.3 Evocations


You had 7 spell levels left.
You didn't know any spells.
Your spell library contained the following spells:

 Spells                   Type           Power      Damage    Failure   Level
 Apportation              Tloc           0%         N/A       99%         1
 Wereblood                Tmut           0%         N/A       100%        2
 Gell's Gravitas          Tloc           0%         N/A       100%        3
 Lesser Beckoning         Tloc           0%         N/A       100%        3
 Teleport Other           Tloc           0%         N/A       100%        3
 Alistair's Intoxication  Tmut/Pois      0%         N/A       100%        5
 Sublimation of Blood     Necr           Unusable   N/A       N/A         2
 Summon Hydra             Summ           Unusable   N/A       N/A         7

Dungeon Overview and Level Annotations

Branches:
Dungeon (6/15)             Temple (0/1) D:4

Altars:
Dithmenos
Fedhas
Gozag
Kikubaaqudgha
Nemelex Xobeh
Okawaru
Qazlal
Uskayaw

Shops:
D:1 [


Innate Abilities, Weirdness & Mutations

You are immune to sickness and miasma.
Your stone body is resilient. (AC +5)
You are immune to poison.
You resist negative energy. (rN+)
You are resistant to electric shocks. (rElec)
You are resistant to unholy torment.
You are immune to petrification.


Message History

Okawaru accepts your kill.
An ufetubus comes into view.
A two-headed ogre comes into view.
It is wielding a +0 giant spiked club and a +0 giant club.
Things that are here:
a +0 dagger; a boomerang of dispersal; a +0 ring mail An orc wizard comes into view.
It is wielding a +0 dagger.
You see here a +0 pair of boots.
The orc wizard casts a spell at you.
The magic dart hits you but does no damage.
There are monsters nearby!
The orc wizard casts a spell.
The orc wizard flickers and vanishes!
Deactivating autopickup; reactivate with Ctrl-A.
The ufetubus hits you but does no damage. x2
The orc wizard shouts!
You slash the two-headed ogre!
The two-headed ogre is lightly wounded.
You hit the ufetubus but do no damage. The ufetubus barely misses you.
You block the ufetubus's attack. x2; The ufetubus closely misses you.
The two-headed ogre hits you with a +0 giant spiked club!!
The two-headed ogre completely misses you.
You slash the two-headed ogre!
The two-headed ogre is moderately wounded.
You slash the ufetubus!
You kill the ufetubus!
Okawaru accepts your kill.
You barely miss the two-headed ogre.
The two-headed ogre is moderately wounded.
You slash something!
The two-headed ogre hits you with a +0 giant spiked club!
* * * LOW HITPOINT WARNING * * *
The two-headed ogre barely misses you. Something hits you but does no damage.
Unknown command.
You hit the two-headed ogre.
The two-headed ogre is moderately wounded.
You hit something.
The two-headed ogre hits you with a +0 giant spiked club.
* * * LOW HITPOINT WARNING * * *
The two-headed ogre hits you with a +0 giant club.
You die...

##..#...#...#.#...#...#..##.....
##..#####################.#...>..
#..###..####..# ##....#........
#..# ##...##.## ##...#.........#
#..## ##.....#####....###.#......
###.## #..............# #.##....[
#..####....#........# # #.....
#.##........##.......### #.....
#.# ###.....###.@O......#........
## ##....# ##..[))..........(.
#....# #...))............ #....#
##..o...#.....##.. .....#
#......#....## #..
..#....##....#......##
####........###...o..# #........
....o.. #.#..... .......


You could see a two-headed ogre and an orc wizard.

Vanquished Creatures
  Grinder (D:3)
  A sky beast (D:3)
  2 centaurs
  A bullfrog (D:4)
  A scorpion (D:4)
  3 jellies
  2 hounds (D:5)
  2 orc priests (D:3)
  2 iguanas (D:5)
  A bullfrog skeleton (D:5)
  3 orc wizards
  Ijyb (D:3)
  A hound skeleton (D:4)
  9 gnolls
  5 adders
  2 white imps
  2 ufetubi
  4 worms
  A dart slug (D:5)
  12 orcs
  6 ball pythons
  10 bats
  5 endoplasms
  8 goblins
  6 hobgoblins
  4 kobolds
  7 quokkas
  3 frilled lizards
  5 rats
110 creatures vanquished.

Notes
Turn   | Place    | Note
-------+----------+-------------------------------------------
     0 | D:1      | bande the Gargoyle Fighter began the quest for the Orb.
     0 | D:1      | Reached XP level 1. HP: 14/14 MP: 1/1
   268 | D:1      | Reached XP level 2. HP: 19/19 MP: 2/2
   368 | D:1      | Found a faded altar of an unknown god.
   767 | D:1      | Found Giyluwn's Armour Shoppe.
   807 | D:2      | Reached skill level 2 in Axes
   960 | D:2      | Reached XP level 3. HP: 15/23 MP: 3/3
  2123 | D:3      | Reached XP level 4. HP: 29/29 MP: 4/4
  2565 | D:3      | Reached skill level 3 in Axes
  2611 | D:3      | Reached XP level 5. HP: 31/33 MP: 5/5
  2780 | D:3      | Noticed Ijyb
  2787 | D:3      | Killed Ijyb
  3006 | D:3      | Noticed Grinder
  3015 | D:3      | Killed Grinder
  3016 | D:3      | Reached skill level 4 in Axes
  3016 | D:3      | Reached XP level 6. HP: 19/39 MP: 6/6
  3828 | D:3      | Found an ancient bone altar of Kikubaaqudgha.
  3828 | D:3      | Found an iron altar of Okawaru.
  3828 | D:3      | Found a hide-covered altar of Uskayaw.
  3850 | D:3      | Found a blossoming altar of Fedhas.
  3878 | D:3      | Became a worshipper of Warmaster Okawaru
  4919 | D:4      | Noticed a sky beast
  4938 | D:3      | Killed a sky beast
  4939 | D:3      | Reached skill level 5 in Armour
  4939 | D:3      | Reached skill level 1 in Invocations
  4939 | D:3      | Reached XP level 7. HP: 16/44 MP: 7/7
  5248 | D:4      | Reached skill level 1 in Evocations
  5337 | D:4      | Reached skill level 5 in Axes
  5803 | D:4      | Noticed a water elemental
  6004 | D:4      | Found a staircase to the Ecumenical Temple.
  6022 | D:4      | Found a shadowy altar of Dithmenos.
  6069 | D:4      | Noticed an air elemental
  6073 | D:4      | Found a stormy altar of Qazlal.
  6074 | D:4      | Noticed a fire elemental
  6205 | D:5      | Entered Level 5 of the Dungeon
  6294 | D:5      | Found the +6 shillelagh "Devastator" {shatter}
  6313 | D:5      | Reached * piety under Okawaru
  6314 | D:5      | Reached XP level 8. HP: 17/48 MP: 9/9
  6868 | D:5      | Found a sparkling altar of Nemelex Xobeh.
  7086 | D:5      | Found an opulent altar of Gozag.
  7688 | D:6      | Reached skill level 5 in Fighting
  8228 | D:6      | Reached skill level 6 in Axes
  8264 | D:6      | Noticed a two-headed ogre
  8279 | D:6      | Slain by a two-headed ogre

Illustrated notes

Levels and vault maps discovered:
D:1:      wander_arrival_fairy_ring, layout_basic,
          hellmonk_ecumenical_altar_crossroads, serial_shops,
          nicolae_shop_behind_doors
D:2:      layout_basic, minmay_nonomino_d4
D:3:      layout_basic, mainiacjoe_overflow_boulevard,
          gammafunk_temple_overflow_claw, chequers_serial_rivers_small_3,
          uniq_ijyb, uniq_grinder
D:4:      layout_cave_pools, nicolae_dithmenos_through_a_glass_darkly,
          nicolae_qazlal_style_of_elements, minmay_temple_entry_sparse_star,
          grunt_decor_clamped, dk_rats_in_the_wall
D:5:      layout_layer_cave, kennysheep_little_box, grunt_gozag_statues,
          hangedman_abyss_or_decor_slice, dk_noncrumbling_4, serial_bayou_pond_a
D:6:      minmay_flawed_box, layout_layer_cave, lightli_temple_of_fire,
          nicolae_yredelemnul_corpse_copse, mainiacjoe_overflow_paths,
          nicolae_hepliaklqana_hazy_memory, corexii_hall_statues_t,
          hangedman_decor_diamond_cutter

Skill      XL: |  1  2  3  4  5  6  7  8 |
---------------+-------------------------+-----
Axes           | 2 3 4 5 6 |  6.0
Armour         | 4 5 |  5.8
Fighting       | 4 5 |  5.1
Shields        | 4 |  4.4
Invocations    | 1 2 3 |  3.0
Evocations     | 1 2 |  2.3

Action                   |  1- 3 |  4- 6 |  7- 9 || total
-------------------------+-------+-------+-------++-------
Melee: War axe           |   109 |   111 |   121 ||   341
       Hand axe          |       |       |    31 ||    31
Evoke: Wand              |       |     1 |       ||     1
  Use: Scroll            |     4 |     1 |       ||     5
       Potion            |       |     2 |       ||     2
Armor: Scale mail        |    72 |    65 |   104 ||   241
       Skin              |       |     1 |       ||     1
       Chain mail        |       |       |    23 ||    23
Dodge: Dodged            |    53 |    44 |    91 ||   188
Block: Buckler           |    16 |    20 |    56 ||    92
